 Dungeon Crawl Stone Soup version 0.30.1-3-gfc49f6343a (webtiles) character file.

Game seed: 12392692166552585547

2773 Cheops the Grappler (level 9, -5/88 HPs)
             Began as a Troll Fighter on July 26, 2023.
             Was a Follower of Wu Jian.
             Killed from afar by an electric eel (10 damage)
             ... with a bolt of electricity
             ... on level 7 of the Dungeon.
             The game lasted 00:13:26 (4766 turns).

Cheops the Grappler (Troll Fighter)                 Turns: 4766, Time: 00:13:27

Health: -5/88      AC: 13    Str: 26    XL:     9   Next: 42%
Magic:  8/8        EV:  8    Int:  8    God:    Wu Jian [*.....]
Gold:   461        SH: 13    Dex:  9    Spells: 8/8 levels left

rFire   . .          .
                       - Unarmed
rCold   . . .        b - +0 kite shield
rNeg    . . .        C - +0 swamp dragon scales
rPois   +            (helmet restricted)
rElec   .            (no cloak)
rCorr   .            (gloves unavailable)
SInv    .            (boots unavailable)
Will    +....        k - amulet of reflection Stlth
                     g - +4 ring of protection
HPRegen 1.14/turn    m - ring of willpower
MPRegen 0.11/turn

%: reflection
@: no status effects
A: large, unfitting armour, claws 3, regeneration 1, shaggy fur 1, tough skin 1
a: Renounce Religion


You were on level 7 of the Dungeon.
You worshipped Wu Jian.
Wu Jian was aware of your devotion.
You visited 2 branches of the dungeon, and saw 8 of its levels.

You collected 461 gold pieces.

Inventory:

Hand Weapons
 w - the +9 sword of Zonguldrok {reap}
   (You found it on level 4 of the Dungeon)
 A - a +5 morningstar
 I - a +2 scimitar of flaming
Armour
 a - a +0 robe
 b - a +0 kite shield (worn)
 C - +0 swamp dragon scales (worn)
Jewellery
 g - a +4 ring of protection (left claw)
 k - an amulet of reflection (around neck)
 m - a ring of willpower (right claw)
 B - an amulet of magic regeneration
 G - a ring of flight
 H - a ring of positive energy
 J - a ring of positive energy
 K - an amulet of the acrobat
Wands
 d - a wand of digging (4)
 t - a wand of roots (22)
Scrolls
 e - a scroll of enchant weapon
 h - 3 scrolls of teleportation
 l - a scroll of blinking {unknown}
 o - a scroll of brand weapon {unknown}
 p - a scroll of immolation {unknown}
 r - a scroll of torment {unknown}
 u - a scroll of magic mapping {unknown}
 x - 2 scrolls of amnesia {unknown}
 y - 3 scrolls of identify {unknown}
 D - 2 scrolls of poison {unknown}
 F - a scroll of enchant armour {unknown}
Potions
 c - 3 potions of might
 f - a potion of heal wounds {unknown}
 i - 3 potions of curing {unknown}
 j - 2 potions of flight {unknown}
 n - a potion of cancellation {unknown}
 q - a potion of degeneration {unknown}
 s - 3 potions of ambrosia {unknown}
 v - 5 potions of lignification {unknown}
 z - 2 potions of berserk rage {unknown}
 E - 3 potions of attraction {unknown}


   Skills:
 + Level 5.0 Fighting
 - Level 2.4 Dodging
 + Level 5.5 Shields
 * Level 10.9 Unarmed Combat


You had 8 spell levels left.
You didn't know any spells.
Your spell library contained the following spells:

 Spells                   Type           Power      Damage    Failure   Level
 Sandblast                Erth           0%         2d4       78%         1
 Blink                    Tloc           0%         N/A       89%         2
 Passwall                 Tmut/Erth      0%         N/A       89%         2
 Stone Arrow              Conj/Erth      0%         3d7       98%         3
 Manifold Assault         Tloc           0%         N/A       100%        4
 Storm Form               Tmut/Air       0%         N/A       100%        7


Dungeon Overview and Level Annotations

Branches:
Dungeon (7/15)             Temple (1/1) D:4

Altars:
Ashenzari
Cheibriados
Elyvilon
Fedhas
Gozag
Hepliaklqana
Kikubaaqudgha
Makhleb
Nemelex Xobeh
Okawaru
Qazlal
Ru
Trog
Uskayaw
Vehumet
Wu Jian
Xom
Yredelemnul
The Shining One


Innate Abilities, Weirdness & Mutations

You are too large for most types of armour.
You have claws for hands.
Your natural rate of healing is unusually fast.
You are covered in fur. (AC +1)
You have tough skin. (AC +1)


Message History

The electric eel shoots out a bolt of lightning at you!
The bolt of electricity hits you!
The electric eel shoots out a bolt of lightning at you!
The bolt of electricity hits you!
* * * LOW HITPOINT WARNING * * *
The bolt of electricity hits you.
* * * LOW HITPOINT WARNING * * *
The electric eel shoots out a bolt of lightning at you!
The bolt of electricity hits you.
* * * LOW HITPOINT WARNING * * *
You lunge at the electric eel.
You closely miss the electric eel.
A nearby plant withers and dies.
The electric eel shoots out a bolt of lightning at you!
The bolt of electricity hits you!
* * * LOW HITPOINT WARNING * * *
The electric eel shoots out a bolt of lightning at you!
The bolt of electricity hits you.
* * * LOW HITPOINT WARNING * * *
You scratch the electric eel.
The electric eel is moderately wounded.
The electric eel shoots out a bolt of lightning at you!
The bolt of electricity hits you!
* * * LOW HITPOINT WARNING * * *
The electric eel shoots out a bolt of lightning at you!
The bolt of electricity misses you.
You closely miss the electric eel.
The electric eel is moderately wounded.
The electric eel shoots out a bolt of lightning at you!
The bolt of electricity hits you.
* * * LOW HITPOINT WARNING * * *
The electric eel shoots out a bolt of lightning at you!
The bolt of electricity hits you!
* * * LOW HITPOINT WARNING * * *
You claw the electric eel!
You kill the electric eel!
The Council accepts your kill.
You hear a splash.
The electric eel shoots out a bolt of lightning at you!
The bolt of electricity hits you!
You die...

# ##........♣ ~♣ ##
#.).......#♣♣~## .##
####.####.........#
..###....# #.......##.##
.......#######.....♣P..♣
#.....P♣~.........~~~~♣~~
##...~~~~~.......)..~.~P~
...#...~~........†~~~≈≈~~
.<.#............@S~.~≈≈~.
#..#..............P~~.~~.
#.........###.....~~)~~~~
.#.#.....##..)###.#...P.#
...#..##..#.†.# #########
#...>.........#
##...##......##
....#####..### ...##
##.###


You could see an electric eel.

Vanquished Creatures
  Maggie (D:6)
  A steam dragon (D:7)
  A water moccasin (D:7)
  Menkaure (D:6)
  An ice beast (D:4)
  An orc warrior (D:7)
  6 black bears
  2 sky beasts
  An ogre (D:5)
  A centaur (D:7)
  A phantom (D:5)
  2 kobold brigands (D:7)
  4 wights (D:4)
  3 electric eels (D:7)
  A howler monkey (D:6)
  A lava snake (D:7)
  2 jellies (D:5)
  3 hounds
  2 orc priests
  4 sleepcaps
  Ijyb (D:3)
  3 orc wizards
  3 adders
  A shadow imp (D:7)
  3 white imps
  A worm (D:4)
  A dart slug (D:1)
  11 orcs
  A ball python (D:1)
  2 bats (D:3)
  8 endoplasms
  2 giant cockroaches
  3 goblins
  5 hobgoblins
  2 jackals (D:1)
  10 kobolds
  6 quokkas
  4 frilled lizards
  3 rats
109 creatures vanquished.

Vanquished Creatures (others)
  An orc (D:7)
  A kobold (D:7)
2 creatures vanquished.

Grand Total: 111 creatures vanquished

Notes
Turn   | Place    | Note
-------+----------+-------------------------------------------
     0 | D:1      | Cheops the Troll Fighter began the quest for the Orb.
     0 | D:1      | Reached XP level 1. HP: 22/22 MP: 0/0
   238 | D:1      | Reached XP level 2. HP: 29/29 MP: 1/1
   320 | D:1      | Reached skill level 3 in Unarmed Combat
   740 | D:2      | Reached XP level 3. HP: 36/36 MP: 2/2
  1162 | D:3      | Reached skill level 4 in Unarmed Combat
  1406 | D:3      | Noticed Ijyb
  1420 | D:3      | Killed Ijyb
  1421 | D:3      | Reached XP level 4. HP: 17/44 MP: 3/3
  1788 | D:3      | Reached skill level 5 in Unarmed Combat
  1788 | D:3      | Reached XP level 5. HP: 50/50 MP: 4/4
  1908 | D:4      | Found a sacrificial altar of Ru.
  1997 | D:4      | Found the +9 sword of Zonguldrok {reap}
  2054 | D:4      | Found a staircase to the Ecumenical Temple.
  2066 | D:4      | Reached skill level 6 in Unarmed Combat
  2077 | D:4      | Reached XP level 6. HP: 43/59 MP: 5/5
  2119 | D:4      | Reached skill level 7 in Unarmed Combat
  2135 | Temple   | Entered the Ecumenical Temple
  2523 | D:4      | Noticed an ice beast
  2531 | D:4      | Killed an ice beast
  2532 | D:4      | You fall into a shaft and drop 3 floors!
  2550 | D:7      | Reached skill level 8 in Unarmed Combat
  2550 | D:7      | Reached XP level 7. HP: 61/66 MP: 6/6
  2616 | D:6      | Found a blossoming altar of Fedhas.
  2631 | D:5      | Entered Level 5 of the Dungeon
  3082 | D:5      | Found an ornate altar of the Wu Jian Council.
  3097 | D:5      | Reached XP level 8. HP: 70/75 MP: 7/7
  3328 | D:5      | Became a worshipper of the Wu Jian Council
  3421 | D:6      | Reached skill level 9 in Unarmed Combat
  3526 | D:6      | Noticed Menkaure
  3532 | D:6      | Killed Menkaure
  3657 | D:6      | Noticed Maggie
  3670 | D:6      | Killed Maggie
  4161 | D:7      | Reached skill level 10 in Unarmed Combat
  4234 | D:7      | Reached XP level 9. HP: 85/85 MP: 8/8
  4335 | D:7      | Reached skill level 5 in Shields
  4415 | D:7      | Reached * piety under Wu Jian
  4448 | D:7      | Found a shimmering altar of Xom.
  4710 | D:7      | Reached skill level 5 in Fighting
  4765 | D:7      | HP: 4/88 [electric eel/bolt of electricity (9)]
  4766 | D:7      | Killed from afar by an electric eel

Illustrated notes

Levels and vault maps discovered:
D:1:      dpeg_arrival_houses_and_road, layout_rooms, serial_bayou,
          serial_bayou_shore_b, serial_bayou_shore_a, serial_bayou_pond_d,
          serial_bayou_crossing
D:2:      layout_rooms, serial_curves, eino_curves_04, eino_curves_02
D:3:      layout_basic, uniq_ijyb
D:4:      layout_cave_pools, nicolae_ru_awakened_eye,
          minmay_temple_entry_proselytizer
D:5:      layout_cave_pools, nzn_wu_jian_council_hall
D:6:      layout_basic, kennysheep_mini, uniq_maggie, uniq_menkaure
D:7:      layout_cave_pools, mainiacjoe_overflow_brackets, serial_bayou,
          serial_bayou_pond_b, serial_bayou_lagoon_a, serial_bayou_pond_e,
          serial_bayou_lake_a, serial_bayou_pond_b, serial_bayou_pond_b,
          kennysheep_generic_room_2
Temple:   regret_index_temple_generic_petals

Skill      XL: |  1  2  3  4  5  6  7  8  9 |
---------------+----------------------------+-----
Unarmed Combat | 3 4 5 6 8 10 | 10.9
Shields        | 3 4 5 |  5.5
Fighting       | 3 4 5 |  5.0
Dodging        | |  2.4

Action                     |  1- 3 |  4- 6 |  7- 9 || total
---------------------------+-------+-------+-------++-------
  Melee: Unarmed           |    99 |    65 |   185 ||   349
Ability: Lunge             |       |       |     8 ||     8
         Whirlwind         |       |       |     2 ||     2
  Evoke: Wand              |       |       |     4 ||     4
    Use: Scroll            |       |     3 |       ||     3
   Stab: Sleeping          |     1 |       |       ||     1
 Armour: Robe              |    19 |    19 |    25 ||    63
         Swamp dragon scal |       |       |    30 ||    30
  Dodge: Dodged            |    25 |    15 |    51 ||    91
  Block: Kite shield       |    58 |    33 |   109 ||   200
         Reflection        |       |     1 |    16 ||    17
